New Jersey Devils vs Florida Panthers

Created - samedi 6 avril 2019 at 19:00

Goals
1 2 3 T
New Jersey Devils 0 0 1 1
Florida Panthers 1 0 2 3
Shots
1 2 3 T
New Jersey Devils 9 9 12 30
Florida Panthers 11 13 7 31

1st period

1. Florida Panthers , Aleksander Barkov 39 (Nick Bjugstad 16) at 2:53 (PP)

Penalties :
Miles Wood (NJD) for Holding (Minor) at 2:45

2nd period

No Goal

Penalties :
Blake Coleman (NJD) for Cross-checking (Minor) at 1:44

3rd period

2. New Jersey Devils , Anton Slepyshev 5 (Ryan Pulock 16, Blake Coleman 25) at 2:44
3. Florida Panthers , Ian McCoshen 2 (Rasmus Andersson 1, Mark Pysyk 9) at 4:01
4. Florida Panthers , Aleksander Barkov 40 (Nick Bjugstad 17, Melker Karlsson 9) at 15:29

Penalties :
No Penalty

Goalie Stats

Keith Kinkaid (NJD), 28 saves from 31 shots - (0.903), L, 15-13-1, 60:00 minutes
Roberto Luongo (FLO), 29 saves from 30 shots - (0.967), W, 36-23-13, 60:00 minutes

Players Stats for New Jersey Devils

Player Name              G  A  P  +/- PIM S  H  SB GA TA FO     MP     PP MP  PK MP  
------------------------------------------------------------------------------------
Andrej Sekera            0  0  0  -1  0   0  0  0  0  1  0/0    17:50   0:00   0:00 
Anton Slepyshev          1  0  1   0  0   1  0  1  0  0  0/1    14:30   0:00   0:16 
Ben Lovejoy              0  0  0  -1  0   0  0  0  0  0  0/0     0:45   0:00   0:00 
Benoit Pouliot           0  0  0   0  0   2  2  0  0  0  0/2    13:12   0:00   1:12 
Blake Coleman            0  1  1   0  2   1  3  1  1  0  0/0    17:26   0:00   0:00 
Brian Boyle              0  0  0   0  0   0  2  1  0  1  6/13   18:36   0:00   0:48 
Damon Severson           0  0  0  -1  0   1  1  0  0  1  0/0    19:34   0:00   0:52 
Erik Haula               0  0  0   0  0   2  4  0  1  1  5/8    20:14   0:00   0:07 
Jesper Bratt             0  0  0  -1  0   4  1  0  0  0  1/1    17:12   0:00   0:00 
John Moore               0  0  0   0  0   1  1  0  0  0  0/0    18:45   0:00   1:15 
Marcus Johansson         0  0  0  -1  0   6  0  0  0  0  0/0    17:36   0:00   0:00 
Miles Wood               0  0  0  -1  2   0  3  0  1  0  2/5    17:11   0:00   0:00 
Nico Hischier            0  0  0   0  0   6  1  0  0  1  8/14   12:38   0:00   1:12 
Rick Nash                0  0  0   0  0   2  1  0  0  1  0/1    17:47   0:00   0:39 
Ryan Pulock              0  1  1   1  0   0  0  0  0  1  0/0    22:04   0:00   1:15 
Sam Bennett              0  0  0   0  0   2  2  1  0  0  0/0    11:59   0:00   0:00 
Samuel Girard            0  0  0  -1  0   2  0  1  0  0  0/0    19:43   0:00   0:52 
Trevor van Riemsdyk      0  0  0   1  0   0  0  1  1  0  0/0    20:49   0:00   0:00 

Players Stats for Florida Panthers

Player Name              G  A  P  +/- PIM S  H  SB GA TA FO     MP     PP MP  PK MP  
------------------------------------------------------------------------------------
Adam Erne                0  0  0   1  0   1  3  0  0  1  0/1    13:12   0:00   0:00 
Aleksander Barkov        2  0  2   1  0   4  1  1  0  0  4/5    13:27   1:03   0:00 
Brett Ritchie            0  0  0   0  0   1  3  1  0  0  1/1    15:54   0:00   0:00 
Cody McLeod              0  0  0   1  0   1  3  1  0  0  0/0    13:36   0:00   0:00 
Henrik Borgstrom         0  0  0  -1  0   0  1  1  1  0  8/14   15:58   0:00   0:00 
Ian McCoshen             1  0  1   1  0   2  7  0  0  1  0/0    17:47   1:01   0:00 
Jared McCann             0  0  0   0  0   2  5  0  0  0  0/0    17:01   1:03   0:00 
Jimmy Vesey              0  0  0  -1  0   4  8  0  1  0  1/2    17:03   1:04   0:00 
Justin Holl              0  0  0   1  0   0  1  1  0  0  0/0    21:13   0:00   0:00 
Keith Yandle             0  0  0   0  0   5  1  0  0  0  0/0    19:42   1:06   0:00 
Mark Jankowski           0  0  0   0  0   0  0  1  2  0  5/14   15:54   0:00   0:00 
Mark Pysyk               0  1  1   0  0   0  0  0  0  1  0/0    19:43   1:01   0:00 
Melker Karlsson          0  1  1   1  0   1  2  0  0  0  0/0    12:44   0:00   0:00 
Mike Matheson            0  0  0   0  0   2  2  0  1  1  0/0    18:47   1:06   0:00 
Nick Bjugstad            0  2  2   1  0   1  3  0  2  0  0/0    13:51   1:03   0:00 
Radim Vrbata             0  0  0  -1  0   3  2  0  0  0  0/0    17:03   1:04   0:00 
Rasmus Andersson         0  1  1   0  0   2  2  1  0  0  0/0    22:48   0:00   0:00 
Vincent Trocheck         0  0  0   1  0   2  1  1  0  0  4/8    14:16   1:04   0:00 

3 Stars

1 - Aleksander Barkov (FLO)
2 - Ian McCoshen (FLO)
3 - Roberto Luongo (FLO)

Power Play

New Jersey Devils - 0 on 1 Attempt(s) - 0.00%
Florida Panthers - 1 on 1 Attempt(s) - 100.00%

Penalty Kill

New Jersey Devils - 0 on 1 Attempt(s) - 0.00% - Score 0 goal in Penalty Kill
Florida Panthers - 1 on 1 Attempt(s) - 100.00% - Score 0 goal in Penalty Kill

Team Stat

New Jersey Devils - Hits : 21 - Faceoff Wins : 22 - Blocked Shots : 6 - Penalty Minutes : 4
Florida Panthers - Hits : 45 - Faceoff Wins : 23 - Blocked Shots : 8 - Penalty Minutes : 0

Official

Referees : Ian Walsh and Gord Dwyer
Linesman : Jonny Murray and Trent Knorr

Game Notes

12:45 of 2nd period - Penalty Shot by Mark Pysyk for Florida Panthers - Shot Misses the Net

Finance

Level 1 -- Attendance: 8976 (89.76%) -- Ticket Income fr. 718'080
Level 2 -- Attendance: 1540 (77.00%) -- Ticket Income fr. 100'100
Level 3 -- Attendance: 2872 (82.06%) -- Ticket Income fr. 100'520
Level 4 -- Attendance: 1368 (94.34%) -- Ticket Income fr. 27'360
Luxury Box -- Attendance: 50 (100.00%) -- Ticket Income fr. 10'000
Game was played at the BBT Center.
Total Attendance: 14806 (87.09%)
Total Ticket Income: fr. 956'060
Total Income: fr. 956'060

New Jersey Devils

5 vs 5 Forward 
   Center                   Left Wing                Right Wing               Time % Phy DF OF 
 1 Brian Boyle              Rick Nash                Blake Coleman            26     1   2  2  
 2 Miles Wood               Marcus Johansson         Jesper Bratt             26     0   2  3  
 3 Erik Haula               Anton Slepyshev          Sam Bennett              25     0   2  3  
 4 Nico Hischier            Benoit Pouliot           Erik Haula               23     0   2  3  

5 vs 5 Defense 
   Defense                  Defense                                           Time % Phy DF OF 
 1 Trevor van Riemsdyk      Ryan Pulock                                       36     1   3  1  
 2 Damon Severson           John Moore                                        32     0   2  3  
 3 Andrej Sekera            Samuel Girard                                     32     0   2  3  
 4 Damon Severson           Ryan Pulock                                       0      0   2  3  

PowerPlay Forward 
   Center                   Left Wing                Right Wing               Time % Phy DF OF 
 1 Rick Nash                Blake Coleman            Brian Boyle              68     0   0  5  
 2 Benoit Pouliot           Erik Haula               Nico Hischier            32     0   0  5  

PowerPlay Defense
   Defense                  Defense                                           Time % Phy DF OF 
 1 Ryan Pulock              Samuel Girard                                     61     0   0  5  
 2 Samuel Girard            Damon Severson                                    39     0   0  5  

Penalty Kill 4 Players Forward 
   Center                   Wing                     Time % Phy DF OF 
 1 Benoit Pouliot           Nico Hischier            60     0   5  0  
 2 Brian Boyle              Rick Nash                40     0   5  0  

Penalty Kill 4 Players Defense
   Defense                  Defense                  Time % Phy DF OF 
 1 Ryan Pulock              John Moore               60     0   5  0  
 2 Samuel Girard            Damon Severson           40     0   5  0  

Penalty Kill - 3 Players Forward 
   Forward                                           Time % Phy DF OF 
 1 Nico Hischier                                     60     0   5  0  
 2 Benoit Pouliot                                    40     0   5  0  

Penalty Kill - 3 Players Defense
   Defense                  Defense                  Time % Phy DF OF 
 1 John Moore               Ryan Pulock              60     0   5  0  
 2 Damon Severson           Andrej Sekera            40     0   5  0  

4 vs 4 Forward 
   Center                   Wing                     Time % Phy DF OF 
 1 Benoit Pouliot           Brian Boyle              50     0   2  3  
 2 Nico Hischier            Rick Nash                50     0   2  3  

4 vs 4 Defense
   Defense                  Defense                  Time % Phy DF OF 
 1 Andrej Sekera            Ryan Pulock              60     0   2  3  
 2 John Moore               Damon Severson           40     0   2  3  

Last Minutes Offensive
   Center                   Left Wing                Right Wing               Defense                  Defense                  
   Nico Hischier            Rick Nash                Blake Coleman            John Moore               Andrej Sekera            

Last Minutes Defensive
   Center                   Left Wing                Right Wing               Defense                  Defense                  
   Nico Hischier            Rick Nash                Blake Coleman            John Moore               Andrej Sekera            

Goaltenders
Starting : Keith Kinkaid            
Backup : Cory Schneider           

Extra Forwards
Normal : Benoit Pouliot, Nico Hischier, Brian Boyle - PP : Nico Hischier, Benoit Pouliot - PK : Nico Hischier
Extra Defensemen
Normal : Damon Severson, John Moore, Ryan Pulock - PP : Damon Severson - PK : Damon Severson, John Moore
Penalty Shots
Benoit Pouliot, Brian Boyle, Rick Nash, Erik Haula, Nico Hischier
Custom OT Lines Forwards
Rick Nash, Erik Haula, Blake Coleman, Benoit Pouliot, Nico Hischier, Miles Wood, Marcus Johansson, Brian Boyle, Sam Bennett, Jesper Bratt
Custom OT Lines Defensemen
Damon Severson, John Moore, Andrej Sekera, Ryan Pulock, Samuel Girard

Scratches
Joakim Nordstrom (Healthy), Joshua Ho-Sang (Healthy), Yohann Auvitu (Healthy)

Florida Panthers

5 vs 5 Forward 
   Center                   Left Wing                Right Wing               Time % Phy DF OF 
 1 Mark Jankowski           Jared McCann             Brett Ritchie            30     1   2  2  
 2 Henrik Borgstrom         Jimmy Vesey              Radim Vrbata             30     1   2  2  
 3 Aleksander Barkov        Melker Karlsson          Nick Bjugstad            20     1   2  2  
 4 Vincent Trocheck         Cody McLeod              Adam Erne                20     1   2  2  

5 vs 5 Defense 
   Defense                  Defense                                           Time % Phy DF OF 
 1 Justin Holl              Ian McCoshen                                      30     1   2  2  
 2 Mark Pysyk               Rasmus Andersson                                  30     1   2  2  
 3 Keith Yandle             Mike Matheson                                     23     1   2  2  
 4 Justin Holl              Rasmus Andersson                                  17     1   2  2  

PowerPlay Forward 
   Center                   Left Wing                Right Wing               Time % Phy DF OF 
 1 Aleksander Barkov        Jared McCann             Nick Bjugstad            50     1   2  2  
 2 Vincent Trocheck         Jimmy Vesey              Radim Vrbata             50     1   2  2  

PowerPlay Defense
   Defense                  Defense                                           Time % Phy DF OF 
 1 Keith Yandle             Mike Matheson                                     50     1   2  2  
 2 Mark Pysyk               Ian McCoshen                                      50     1   2  2  

Penalty Kill 4 Players Forward 
   Center                   Wing                     Time % Phy DF OF 
 1 Aleksander Barkov        Vincent Trocheck         50     1   2  2  
 2 Nick Bjugstad            Jared McCann             50     1   2  2  

Penalty Kill 4 Players Defense
   Defense                  Defense                  Time % Phy DF OF 
 1 Keith Yandle             Mike Matheson            50     1   2  2  
 2 Mark Pysyk               Ian McCoshen             50     1   2  2  

Penalty Kill - 3 Players Forward 
   Forward                                           Time % Phy DF OF 
 1 Aleksander Barkov                                 50     1   2  2  
 2 Vincent Trocheck                                  50     1   2  2  

Penalty Kill - 3 Players Defense
   Defense                  Defense                  Time % Phy DF OF 
 1 Keith Yandle             Mike Matheson            50     1   2  2  
 2 Mark Pysyk               Ian McCoshen             50     1   2  2  

4 vs 4 Forward 
   Center                   Wing                     Time % Phy DF OF 
 1 Aleksander Barkov        Vincent Trocheck         50     1   2  2  
 2 Nick Bjugstad            Jared McCann             50     1   2  2  

4 vs 4 Defense
   Defense                  Defense                  Time % Phy DF OF 
 1 Keith Yandle             Mike Matheson            50     1   2  2  
 2 Mark Pysyk               Ian McCoshen             50     1   2  2  

Last Minutes Offensive
   Center                   Left Wing                Right Wing               Defense                  Defense                  
   Aleksander Barkov        Jared McCann             Nick Bjugstad            Keith Yandle             Mike Matheson            

Last Minutes Defensive
   Center                   Left Wing                Right Wing               Defense                  Defense                  
   Aleksander Barkov        Jared McCann             Nick Bjugstad            Keith Yandle             Mike Matheson            

Goaltenders
Starting : Roberto Luongo           
Backup : Scott Darling            

Extra Forwards
Normal : Mark Jankowski, Melker Karlsson, Brett Ritchie - PP : Mark Jankowski, Melker Karlsson - PK : Brett Ritchie
Extra Defensemen
Normal : Justin Holl, Rasmus Andersson, Mark Pysyk - PP : Justin Holl - PK : Rasmus Andersson, Mark Pysyk
Penalty Shots
Aleksander Barkov, Vincent Trocheck, Nick Bjugstad, Jared McCann, Jimmy Vesey
Custom OT Lines Forwards
Aleksander Barkov, Vincent Trocheck, Nick Bjugstad, Jared McCann, Jimmy Vesey, Radim Vrbata, Mark Jankowski, Melker Karlsson, Brett Ritchie, Cody McLeod
Custom OT Lines Defensemen
Keith Yandle, Mike Matheson, Mark Pysyk, Ian McCoshen, Justin Holl

Scratches
Darnell Nurse (Healthy), Jonathan Huberdeau (Healthy), Brock Boeser (Healthy)

% Time on Ice - New Jersey Devils

Lines # - Real PCT - Wanted PCT - Time Play
Normal Forward
1 - 30% - 26% - 17:33
2 - 30% - 26% - 17:12
3 - 21% - 25% - 11:59
4 - 19% - 23% - 11:09
Normal Defense
1 - 36% - 36% - 20:49
2 - 32% - 32% - 18:37
3 - 32% - 32% - 18:27
4 - 0% - 0% - 0:00
PP Forward
1 - 0% - 68%
2 - 0% - 32%
PP Defense
1 - 0% - 61%
2 - 0% - 39%
PK Forward
1 - 69% - 60% - 1:28
2 - 31% - 40% - 0:39
PK Defense
1 - 59% - 60% - 1:15
2 - 41% - 40% - 0:52
PK3 Forward
1 - 0% - 60%
2 - 0% - 40%
PK3 Defense
1 - 0% - 60%
2 - 0% - 40%
44 Forward
1 - 0% - 50%
2 - 0% - 50%
44 Defense
1 - 0% - 60%
2 - 0% - 40%
Last Minute Offensive  - 0:00
Last Minute Defensive  - 0:00
Total
Forward - 60:00
Defense - 60:00

% Time on Ice - Florida Panthers

Lines # - Real PCT - Wanted PCT - Time Play
Normal Forward
1 - 28% - 30% - 16:22
2 - 28% - 30% - 15:59
3 - 21% - 20% - 12:20
4 - 23% - 20% - 13:12
Normal Defense
1 - 29% - 30% - 16:39
2 - 30% - 30% - 17:22
3 - 31% - 23% - 17:41
4 - 11% - 17% - 6:11
PP Forward
1 - 50% - 50% - 1:03
2 - 50% - 50% - 1:04
PP Defense
1 - 52% - 50% - 1:06
2 - 48% - 50% - 1:01
PK Forward
1 - 0% - 50%
2 - 0% - 50%
PK Defense
1 - 0% - 50%
2 - 0% - 50%
PK3 Forward
1 - 0% - 50%
2 - 0% - 50%
PK3 Defense
1 - 0% - 50%
2 - 0% - 50%
44 Forward
1 - 0% - 50%
2 - 0% - 50%
44 Defense
1 - 0% - 50%
2 - 0% - 50%
Last Minute Offensive  - 0:00
Last Minute Defensive  - 0:00
Total
Forward - 60:00
Defense - 60:00

Play-by-Play

1st period


0:01 of 1st period - Mark Jankowski wins face-off versus Brian Boyle in neutral zone.
0:14 of 1st period - Snap shot by Rick Nash.
0:14 of 1st period - Shot Misses the Net.
0:55 of 1st period - Sam Bennett is hit by Ian McCoshen and loses puck.
1:33 of 1st period - Erik Haula is hit by Brett Ritchie and loses puck.
1:48 of 1st period - Snap shot by Jesper Bratt.
1:48 of 1st period - Stopped by Roberto Luongo with a rebound.
2:30 of 1st period - John Moore is hit by Jared McCann and loses puck.
2:39 of 1st period - Snap shot by Brett Ritchie.
2:39 of 1st period - Stopped by Keith Kinkaid with a rebound.
2:45 of 1st period - Minor Penalty to Miles Wood for Holding.
2:46 of 1st period - Aleksander Barkov wins face-off versus Benoit Pouliot in New Jersey Devils zone.
2:53 of 1st period - Wrist shot by Aleksander Barkov.
2:53 of 1st period - Goal by Aleksander Barkov - New Jersey Devils : 0 - Florida Panthers : 1.
2:54 of 1st period - Henrik Borgstrom wins face-off versus Nico Hischier in neutral zone.
3:09 of 1st period - Snap shot by Jimmy Vesey.
3:09 of 1st period - Shot Misses the Net.
3:37 of 1st period - Off-side.
3:38 of 1st period - Erik Haula wins face-off versus Mark Jankowski in neutral zone.
4:05 of 1st period - Ryan Pulock is hit by Jimmy Vesey.
4:43 of 1st period - Justin Holl is hit by Erik Haula.
4:48 of 1st period - Icing by Ian McCoshen.
4:49 of 1st period - Vincent Trocheck wins face-off versus Nico Hischier in Florida Panthers zone.
4:54 of 1st period - Andrej Sekera is hit by Adam Erne and loses puck.
5:32 of 1st period - Brian Boyle is hit by Rasmus Andersson and loses puck.
5:39 of 1st period - Wrist shot by Radim Vrbata.
5:39 of 1st period - Shot Blocked by Blake Coleman.
5:55 of 1st period - Backhand shot by Rick Nash.
5:55 of 1st period - Shot Blocked by Rasmus Andersson.
6:38 of 1st period - Wrist shot by Mark Jankowski.
6:38 of 1st period - Shot Misses the Net.
6:40 of 1st period - Snap shot by Keith Yandle.
6:40 of 1st period - Stopped by Keith Kinkaid with a rebound.
6:42 of 1st period - Backhand shot by Mike Matheson.
6:42 of 1st period - Deflect By Jesper Bratt.
6:42 of 1st period - Stopped by Keith Kinkaid with a rebound.
6:58 of 1st period - Wrist shot by Jimmy Vesey.
6:58 of 1st period - Shot Misses the Net.
7:10 of 1st period - Anton Slepyshev is hit by Nick Bjugstad and loses puck.
7:26 of 1st period - Icing by Aleksander Barkov.
7:27 of 1st period - Nico Hischier wins face-off versus Vincent Trocheck in Florida Panthers zone.
7:30 of 1st period - Slapshot by Nico Hischier.
7:30 of 1st period - Stopped by Roberto Luongo without a rebound.
7:31 of 1st period - Nico Hischier wins face-off versus Adam Erne in Florida Panthers zone.
7:36 of 1st period - Slapshot by Nico Hischier.
7:36 of 1st period - Shot Blocked by Justin Holl.
7:56 of 1st period - Brian Boyle is hit by Henrik Borgstrom and loses puck.
8:06 of 1st period - Icing by Trevor van Riemsdyk.
8:07 of 1st period - Nico Hischier wins face-off versus Mark Jankowski in New Jersey Devils zone.
9:14 of 1st period - John Moore is hit by Cody McLeod and loses puck.
10:25 of 1st period - John Moore is hit by Nick Bjugstad and loses puck.
10:58 of 1st period - Trevor van Riemsdyk is hit by Ian McCoshen and loses puck.
11:18 of 1st period - Wrist shot by Jared McCann.
11:18 of 1st period - Shot Misses the Net.
11:50 of 1st period - Wrist shot by Marcus Johansson.
11:50 of 1st period - Stopped by Roberto Luongo with a rebound.
11:52 of 1st period - Snap shot by Marcus Johansson.
11:52 of 1st period - Stopped by Roberto Luongo with a rebound.
12:18 of 1st period - Slapshot by Jesper Bratt.
12:18 of 1st period - Stopped by Roberto Luongo with a rebound.
12:22 of 1st period - Slapshot by Jesper Bratt.
12:22 of 1st period - Deflect By Miles Wood.
12:22 of 1st period - Shot Misses the Net.
12:22 of 1st period - Puck is out of play.
12:23 of 1st period - Henrik Borgstrom wins face-off versus Erik Haula in Florida Panthers zone.
12:32 of 1st period - Mike Matheson is hit by Sam Bennett and loses puck.
12:39 of 1st period - Sam Bennett is hit by Jimmy Vesey.
12:43 of 1st period - Trevor van Riemsdyk is hit by Jimmy Vesey and loses puck.
12:54 of 1st period - Snap shot by Blake Coleman.
12:54 of 1st period - Stopped by Roberto Luongo with a rebound.
12:56 of 1st period - Snap shot by Rick Nash.
12:56 of 1st period - Shot Misses the Net.
12:58 of 1st period - Snap shot by Brian Boyle.
12:58 of 1st period - Shot Hit the Post.
13:00 of 1st period - Wrist shot by Rick Nash.
13:00 of 1st period - Stopped by Roberto Luongo without a rebound.
13:01 of 1st period - Brian Boyle wins face-off versus Vincent Trocheck in Florida Panthers zone.
13:26 of 1st period - John Moore is hit by Melker Karlsson.
13:55 of 1st period - Snap shot by Jimmy Vesey.
13:55 of 1st period - Stopped by Keith Kinkaid without a rebound.
13:56 of 1st period - Brian Boyle wins face-off versus Vincent Trocheck in New Jersey Devils zone.
15:24 of 1st period - Benoit Pouliot is hit by Jimmy Vesey and loses puck.
15:29 of 1st period - Slapshot by Jimmy Vesey.
15:29 of 1st period - Stopped by Keith Kinkaid with a rebound.
15:31 of 1st period - Wrist shot by Jimmy Vesey.
15:31 of 1st period - Shot Misses the Net.
16:05 of 1st period - Snap shot by Jared McCann.
16:05 of 1st period - Deflect By John Moore.
16:05 of 1st period - Stopped by Keith Kinkaid with a rebound.
16:07 of 1st period - Snap shot by Mark Pysyk.
16:07 of 1st period - Shot Misses the Net.
16:30 of 1st period - Erik Haula is hit by Jimmy Vesey and loses puck.
17:05 of 1st period - Andrej Sekera is hit by Ian McCoshen and loses puck.
17:10 of 1st period - Slapshot by Aleksander Barkov.
17:10 of 1st period - Stopped by Keith Kinkaid with a rebound.
17:12 of 1st period - Slapshot by Ian McCoshen.
17:12 of 1st period - Stopped by Keith Kinkaid without a rebound.
17:13 of 1st period - Henrik Borgstrom wins face-off versus Brian Boyle in New Jersey Devils zone.
17:22 of 1st period - Blake Coleman is hit by Ian McCoshen and loses puck.
17:29 of 1st period - Blake Coleman is hit by Justin Holl and loses puck.
17:58 of 1st period - Wrist shot by Radim Vrbata.
17:58 of 1st period - Stopped by Keith Kinkaid with a rebound.
18:00 of 1st period - Wrist shot by Jimmy Vesey.
18:00 of 1st period - Shot Blocked by Trevor van Riemsdyk.
18:02 of 1st period - Snap shot by Jimmy Vesey.
18:02 of 1st period - Stopped by Keith Kinkaid without a rebound.
18:03 of 1st period - Jesper Bratt wins face-off versus Mark Jankowski in New Jersey Devils zone.
18:32 of 1st period - Jesper Bratt is hit by Cody McLeod and loses puck.
18:41 of 1st period - Snap shot by Jesper Bratt.
18:41 of 1st period - Stopped by Roberto Luongo with a rebound.
18:45 of 1st period - Snap shot by Marcus Johansson.
18:45 of 1st period - Stopped by Roberto Luongo with a rebound.
18:47 of 1st period - Wrist shot by Miles Wood.
18:47 of 1st period - Shot Misses the Net.
18:49 of 1st period - Wrist shot by Miles Wood.
18:49 of 1st period - Shot Misses the Net.
18:51 of 1st period - Snap shot by Jesper Bratt.
18:51 of 1st period - Shot Misses the Net.
18:53 of 1st period - Slapshot by Marcus Johansson.
18:53 of 1st period - Shot Misses the Net.
19:59 of 1st period - Snap shot by Marcus Johansson.
19:59 of 1st period - Shot Misses the Net.
Goals for this period are 0 for New Jersey Devils vs 1 for Florida Panthers.
Shots for this period are 9 for New Jersey Devils vs 11 for Florida Panthers.

2nd period


0:01 of 2nd period - Erik Haula wins face-off versus Mark Jankowski in neutral zone.
0:56 of 2nd period - Snap shot by Nick Bjugstad.
0:56 of 2nd period - Stopped by Keith Kinkaid with a rebound.
1:06 of 2nd period - Cody McLeod is hit by Erik Haula and loses puck.
1:10 of 2nd period - Icing by Keith Yandle.
1:11 of 2nd period - Vincent Trocheck wins face-off versus Nico Hischier in Florida Panthers zone.
1:11 of 2nd period - Vincent Trocheck is hit by Benoit Pouliot.
1:31 of 2nd period - Snap shot by Vincent Trocheck.
1:31 of 2nd period - Stopped by Keith Kinkaid without a rebound.
1:32 of 2nd period - Mark Jankowski wins face-off versus Brian Boyle in New Jersey Devils zone.
1:41 of 2nd period - Snap shot by Mark Jankowski.
1:41 of 2nd period - Deflect By Jared McCann.
1:41 of 2nd period - Shot Misses the Net.
1:41 of 2nd period - Puck is out of play.
1:42 of 2nd period - Brian Boyle wins face-off versus Mark Jankowski in New Jersey Devils zone.
1:44 of 2nd period - Minor Penalty to Blake Coleman for Cross-checking.
1:45 of 2nd period - Jimmy Vesey wins face-off versus Benoit Pouliot in New Jersey Devils zone.
1:57 of 2nd period - Wrist shot by Radim Vrbata.
1:57 of 2nd period - Shot Misses the Net.
2:24 of 2nd period - Off-side.
2:25 of 2nd period - Vincent Trocheck wins face-off versus Brian Boyle in neutral zone.
2:32 of 2nd period - Damon Severson is hit by Mike Matheson and loses puck.
2:47 of 2nd period - Brian Boyle is hit by Jared McCann and loses puck.
3:04 of 2nd period - Nico Hischier is hit by Jared McCann and loses puck.
3:44 of 2nd period - Penalty to Blake Coleman is over, Blake Coleman is back on ice.
4:38 of 2nd period - Damon Severson is hit by Radim Vrbata and loses puck.
5:09 of 2nd period - Miles Wood is hit by Ian McCoshen and loses puck.
5:53 of 2nd period - Off-side.
5:54 of 2nd period - Nico Hischier wins face-off versus Vincent Trocheck in neutral zone.
5:59 of 2nd period - Slapshot by Nico Hischier.
5:59 of 2nd period - Stopped by Roberto Luongo with a rebound.
6:01 of 2nd period - Slapshot by Nico Hischier.
6:01 of 2nd period - Stopped by Roberto Luongo with a rebound.
6:03 of 2nd period - Slapshot by Benoit Pouliot.
6:03 of 2nd period - Stopped by Roberto Luongo without a rebound.
6:04 of 2nd period - Brian Boyle wins face-off versus Henrik Borgstrom in Florida Panthers zone.
7:03 of 2nd period - Erik Haula is hit by Ian McCoshen and loses puck.
7:18 of 2nd period - Slapshot by Blake Coleman.
7:18 of 2nd period - Shot Misses the Net.
7:45 of 2nd period - Mike Matheson is hit by Jesper Bratt and loses puck.
8:07 of 2nd period - Blake Coleman is hit by Nick Bjugstad and loses puck.
8:31 of 2nd period - Snap shot by Vincent Trocheck.
8:31 of 2nd period - Shot Misses the Net.
8:57 of 2nd period - Rick Nash is hit by Jimmy Vesey and loses puck.
9:34 of 2nd period - Mark Pysyk is hit by Miles Wood and loses puck.
9:53 of 2nd period - Slapshot by Mike Matheson.
9:53 of 2nd period - Shot Misses the Net.
10:05 of 2nd period - Ryan Pulock is hit by Ian McCoshen and loses puck.
10:13 of 2nd period - Off-side.
10:14 of 2nd period - Brian Boyle wins face-off versus Mark Jankowski in neutral zone.
10:39 of 2nd period - Slapshot by Keith Yandle.
10:39 of 2nd period - Deflect By Nico Hischier.
10:39 of 2nd period - Stopped by Keith Kinkaid with a rebound.
10:41 of 2nd period - Snap shot by Radim Vrbata.
10:41 of 2nd period - Stopped by Keith Kinkaid without a rebound.
10:42 of 2nd period - Miles Wood wins face-off versus Henrik Borgstrom in New Jersey Devils zone.
11:01 of 2nd period - Snap shot by Radim Vrbata.
11:01 of 2nd period - Stopped by Keith Kinkaid with a rebound.
11:03 of 2nd period - Slapshot by Rasmus Andersson.
11:03 of 2nd period - Deflect By Trevor van Riemsdyk.
11:03 of 2nd period - Stopped by Keith Kinkaid with a rebound.
11:19 of 2nd period - Wrist shot by Marcus Johansson.
11:19 of 2nd period - Stopped by Roberto Luongo without a rebound.
11:20 of 2nd period - Brett Ritchie wins face-off versus Erik Haula in Florida Panthers zone.
11:20 of 2nd period - Brett Ritchie is hit by Damon Severson.
11:28 of 2nd period - Slapshot by Mark Pysyk.
11:28 of 2nd period - Shot Misses the Net.
11:30 of 2nd period - Wrist shot by Mark Jankowski.
11:30 of 2nd period - Shot Blocked by Sam Bennett.
11:32 of 2nd period - Slapshot by Mark Pysyk.
11:32 of 2nd period - Shot Misses the Net.
11:34 of 2nd period - Snap shot by Jared McCann.
11:34 of 2nd period - Stopped by Keith Kinkaid with a rebound.
12:38 of 2nd period - Henrik Borgstrom is hit by Blake Coleman and loses puck.
12:45 of 2nd period - Penalty Shot by Mark Pysyk for Florida Panthers.
12:45 of 2nd period - Snap shot by Mark Pysyk.
12:45 of 2nd period - Shot Misses the Net.
12:46 of 2nd period - Miles Wood wins face-off versus Aleksander Barkov in Florida Panthers zone.
12:47 of 2nd period - Wrist shot by Marcus Johansson.
12:47 of 2nd period - Stopped by Roberto Luongo with a rebound.
12:53 of 2nd period - Slapshot by Aleksander Barkov.
12:53 of 2nd period - Stopped by Keith Kinkaid without a rebound.
12:54 of 2nd period - Aleksander Barkov wins face-off versus Miles Wood in New Jersey Devils zone.
13:03 of 2nd period - Miles Wood is hit by Aleksander Barkov.
13:57 of 2nd period - Wrist shot by Aleksander Barkov.
13:57 of 2nd period - Shot Misses the Net.
13:59 of 2nd period - Slapshot by Rasmus Andersson.
13:59 of 2nd period - Stopped by Keith Kinkaid without a rebound.
14:00 of 2nd period - Erik Haula wins face-off versus Mark Jankowski in New Jersey Devils zone.
14:14 of 2nd period - Icing by Anton Slepyshev.
14:15 of 2nd period - Erik Haula wins face-off versus Jimmy Vesey in New Jersey Devils zone.
14:15 of 2nd period - Andrej Sekera is hit by Radim Vrbata and loses puck.
14:34 of 2nd period - Wrist shot by Erik Haula.
14:34 of 2nd period - Shot Blocked by Henrik Borgstrom.
14:52 of 2nd period - Slapshot by Samuel Girard.
14:52 of 2nd period - Stopped by Roberto Luongo without a rebound.
14:53 of 2nd period - Vincent Trocheck wins face-off versus Brian Boyle in Florida Panthers zone.
15:16 of 2nd period - Slapshot by Vincent Trocheck.
15:16 of 2nd period - Stopped by Keith Kinkaid with a rebound.
15:18 of 2nd period - Snap shot by Mike Matheson.
15:18 of 2nd period - Deflect By Blake Coleman.
15:18 of 2nd period - Stopped by Keith Kinkaid with a rebound.
15:20 of 2nd period - Snap shot by Keith Yandle.
15:20 of 2nd period - Stopped by Keith Kinkaid without a rebound.
15:21 of 2nd period - Nico Hischier wins face-off versus Mark Jankowski in New Jersey Devils zone.
15:32 of 2nd period - Slapshot by Samuel Girard.
15:32 of 2nd period - Stopped by Roberto Luongo with a rebound.
15:34 of 2nd period - Snap shot by Benoit Pouliot.
15:34 of 2nd period - Stopped by Roberto Luongo with a rebound.
16:08 of 2nd period - Wrist shot by Rick Nash.
16:08 of 2nd period - Shot Blocked by Aleksander Barkov.
17:06 of 2nd period - Jared McCann is hit by Rick Nash and loses puck.
17:33 of 2nd period - Slapshot by Keith Yandle.
17:33 of 2nd period - Stopped by Keith Kinkaid with a rebound.
17:44 of 2nd period - Erik Haula is hit by Brett Ritchie and loses puck.
17:55 of 2nd period - Jared McCann is hit by Erik Haula and loses puck.
18:04 of 2nd period - Erik Haula is hit by Mike Matheson and loses puck.
18:17 of 2nd period - Wrist shot by Erik Haula.
18:17 of 2nd period - Shot Blocked by Brett Ritchie.
18:19 of 2nd period - Snap shot by Erik Haula.
18:19 of 2nd period - Stopped by Roberto Luongo without a rebound.
18:20 of 2nd period - Henrik Borgstrom wins face-off versus Brian Boyle in Florida Panthers zone.
18:33 of 2nd period - Andrej Sekera is hit by Jimmy Vesey and loses puck.
19:17 of 2nd period - Brian Boyle is hit by Vincent Trocheck and loses puck.
19:26 of 2nd period - Mark Pysyk is hit by Brian Boyle and loses puck.
19:33 of 2nd period - Blake Coleman is hit by Cody McLeod and loses puck.
Goals for this period are 0 for New Jersey Devils vs 0 for Florida Panthers.
Shots for this period are 9 for New Jersey Devils vs 13 for Florida Panthers.

3rd period


0:01 of 3rd period - Nico Hischier wins face-off versus Henrik Borgstrom in neutral zone.
0:24 of 3rd period - Brett Ritchie is hit by Brian Boyle and loses puck.
0:31 of 3rd period - Blake Coleman is hit by Brett Ritchie.
0:35 of 3rd period - Slapshot by Trevor van Riemsdyk.
0:35 of 3rd period - Shot Blocked by Mark Jankowski.
2:24 of 3rd period - Wrist shot by Vincent Trocheck.
2:24 of 3rd period - Shot Misses the Net.
2:26 of 3rd period - Slapshot by Cody McLeod.
2:26 of 3rd period - Stopped by Keith Kinkaid with a rebound.
2:28 of 3rd period - Slapshot by Keith Yandle.
2:28 of 3rd period - Shot Misses the Net.
2:30 of 3rd period - Snap shot by Vincent Trocheck.
2:30 of 3rd period - Shot Misses the Net.
2:32 of 3rd period - Wrist shot by Mike Matheson.
2:32 of 3rd period - Shot Blocked by Brian Boyle.
2:44 of 3rd period - Slapshot by Anton Slepyshev.
2:44 of 3rd period - Goal by Anton Slepyshev - New Jersey Devils : 1 - Florida Panthers : 1.
2:45 of 3rd period - Henrik Borgstrom wins face-off versus Nico Hischier in neutral zone.
3:10 of 3rd period - Jared McCann is hit by Blake Coleman and loses puck.
3:40 of 3rd period - Miles Wood is hit by Melker Karlsson and loses puck.
3:53 of 3rd period - Snap shot by Samuel Girard.
3:53 of 3rd period - Shot Blocked by Cody McLeod.
3:59 of 3rd period - Slapshot by Rasmus Andersson.
3:59 of 3rd period - Shot Blocked by Anton Slepyshev.
4:01 of 3rd period - Wrist shot by Ian McCoshen.
4:01 of 3rd period - Goal by Ian McCoshen - New Jersey Devils : 1 - Florida Panthers : 2.
4:02 of 3rd period - Henrik Borgstrom wins face-off versus Nico Hischier in neutral zone.
4:34 of 3rd period - Slapshot by Rick Nash.
4:34 of 3rd period - Shot Misses the Net.
4:36 of 3rd period - Snap shot by Brian Boyle.
4:36 of 3rd period - Shot Misses the Net.
4:46 of 3rd period - Slapshot by Erik Haula.
4:46 of 3rd period - Stopped by Roberto Luongo without a rebound.
4:47 of 3rd period - Erik Haula wins face-off versus Henrik Borgstrom in Florida Panthers zone.
4:48 of 3rd period - Snap shot by Sam Bennett.
4:48 of 3rd period - Stopped by Roberto Luongo with a rebound.
5:02 of 3rd period - Snap shot by Radim Vrbata.
5:02 of 3rd period - Shot Misses the Net.
5:36 of 3rd period - Miles Wood is hit by Adam Erne and loses puck.
5:45 of 3rd period - Slapshot by Andrej Sekera.
5:45 of 3rd period - Shot Blocked by Vincent Trocheck.
5:47 of 3rd period - Wrist shot by Marcus Johansson.
5:47 of 3rd period - Deflect By Jesper Bratt.
5:47 of 3rd period - Stopped by Roberto Luongo with a rebound.
6:17 of 3rd period - Mike Matheson is hit by Sam Bennett and loses puck.
6:49 of 3rd period - Slapshot by Damon Severson.
6:49 of 3rd period - Stopped by Roberto Luongo without a rebound.
6:50 of 3rd period - Brian Boyle wins face-off versus Henrik Borgstrom in Florida Panthers zone.
7:32 of 3rd period - Snap shot by Sam Bennett.
7:32 of 3rd period - Stopped by Roberto Luongo with a rebound.
7:47 of 3rd period - Icing by John Moore.
7:48 of 3rd period - Mark Jankowski wins face-off versus Brian Boyle in New Jersey Devils zone.
8:01 of 3rd period - Wrist shot by Mark Jankowski.
8:01 of 3rd period - Shot Hit the Post.
8:10 of 3rd period - Icing by Blake Coleman.
8:11 of 3rd period - Aleksander Barkov wins face-off versus Rick Nash in New Jersey Devils zone.
8:46 of 3rd period - Snap shot by Adam Erne.
8:46 of 3rd period - Stopped by Keith Kinkaid without a rebound.
8:47 of 3rd period - Nico Hischier wins face-off versus Mark Jankowski in New Jersey Devils zone.
9:02 of 3rd period - Slapshot by Nico Hischier.
9:02 of 3rd period - Stopped by Roberto Luongo without a rebound.
9:03 of 3rd period - Henrik Borgstrom wins face-off versus Anton Slepyshev in Florida Panthers zone.
10:13 of 3rd period - Damon Severson is hit by Adam Erne and loses puck.
10:28 of 3rd period - Vincent Trocheck is hit by Nico Hischier and loses puck.
11:02 of 3rd period - Snap shot by Vincent Trocheck.
11:02 of 3rd period - Shot Misses the Net.
11:04 of 3rd period - Slapshot by Radim Vrbata.
11:04 of 3rd period - Shot Misses the Net.
11:06 of 3rd period - Snap shot by Jimmy Vesey.
11:06 of 3rd period - Stopped by Keith Kinkaid with a rebound.
11:42 of 3rd period - Trevor van Riemsdyk is hit by Jared McCann and loses puck.
12:27 of 3rd period - Snap shot by Nick Bjugstad.
12:27 of 3rd period - Shot Misses the Net.
12:29 of 3rd period - Wrist shot by Melker Karlsson.
12:29 of 3rd period - Stopped by Keith Kinkaid with a rebound.
13:23 of 3rd period - Vincent Trocheck is hit by Blake Coleman and loses puck.
13:42 of 3rd period - Samuel Girard is hit by Rasmus Andersson.
14:09 of 3rd period - Slapshot by Brian Boyle.
14:09 of 3rd period - Shot Misses the Net.
14:26 of 3rd period - Benoit Pouliot is hit by Keith Yandle and loses puck.
14:43 of 3rd period - Anton Slepyshev is hit by Jimmy Vesey and loses puck.
14:50 of 3rd period - Henrik Borgstrom is hit by Benoit Pouliot and loses puck.
15:13 of 3rd period - Wrist shot by Nico Hischier.
15:13 of 3rd period - Stopped by Roberto Luongo with a rebound.
15:15 of 3rd period - Wrist shot by Anton Slepyshev.
15:15 of 3rd period - Shot Misses the Net.
15:17 of 3rd period - Slapshot by John Moore.
15:17 of 3rd period - Stopped by Roberto Luongo without a rebound.
15:18 of 3rd period - Aleksander Barkov wins face-off versus Miles Wood in Florida Panthers zone.
15:29 of 3rd period - Slapshot by Aleksander Barkov.
15:29 of 3rd period - Goal by Aleksander Barkov - New Jersey Devils : 1 - Florida Panthers : 3.
15:30 of 3rd period - Mark Jankowski wins face-off versus Miles Wood in neutral zone.
15:30 of 3rd period - Mark Jankowski is hit by Miles Wood.
16:01 of 3rd period - Wrist shot by Rick Nash.
16:01 of 3rd period - Stopped by Roberto Luongo with a rebound.
16:21 of 3rd period - Wrist shot by Keith Yandle.
16:21 of 3rd period - Stopped by Keith Kinkaid without a rebound.
16:22 of 3rd period - Mark Jankowski wins face-off versus Erik Haula in New Jersey Devils zone.
16:23 of 3rd period - Snap shot by Jared McCann.
16:23 of 3rd period - Shot Misses the Net.
16:53 of 3rd period - Snap shot by Marcus Johansson.
16:53 of 3rd period - Stopped by Roberto Luongo without a rebound.
16:54 of 3rd period - Nico Hischier wins face-off versus Henrik Borgstrom in Florida Panthers zone.
16:57 of 3rd period - Backhand shot by Nico Hischier.
16:57 of 3rd period - Stopped by Roberto Luongo without a rebound.
16:58 of 3rd period - Henrik Borgstrom wins face-off versus Nico Hischier in Florida Panthers zone.
17:23 of 3rd period - Mark Jankowski is hit by Miles Wood and loses puck.
18:11 of 3rd period - Mark Pysyk is hit by Erik Haula and loses puck.
18:34 of 3rd period - Marcus Johansson is hit by Jared McCann and loses puck.
18:56 of 3rd period - Slapshot by Jimmy Vesey.
18:56 of 3rd period - Shot Blocked by Samuel Girard.
19:20 of 3rd period - Justin Holl is hit by John Moore and loses puck.
Goals for this period are 1 for New Jersey Devils vs 2 for Florida Panthers.
Shots for this period are 12 for New Jersey Devils vs 7 for Florida Panthers.